 Dungeon Crawl Stone Soup version 0.28-a0-114-g2bf3c13a2f (webtiles) character file.

Game seed: 1982748973078466761

12 Rennog the Skirmisher (level 2, 10/24 HPs)
             Began as a Demonspawn Berserker on Aug 12, 2021.
             Was a Follower of Trog.
             Quit the game on level 1 of the Dungeon.
             The game lasted 00:00:39 (159 turns).

Rennog the Skirmisher (Demonspawn Berserker)         Turns: 159, Time: 00:00:40

Health: 10/24      AC:  2    Str: 17    XL:     2   Next: 20%
Magic:  2/2        EV: 12    Int:  8    God:    Trog [*.....]
Gold:   10         SH:  0    Dex: 12    Spells: 1/1 levels left

rFire   . . .      SeeInvis .   a - +0 falchion
rCold   . . .      Faith    .   (no shield)
rNeg    . . .      Spirit   .   b - +0 animal skin
rPois   .          Reflect  .   (no helmet)
rElec   .          Harm     .   (no cloak)
rCorr   .          Rampage  .   (no gloves)
Will    .....                   (no boots)
Stlth   +.........              (no amulet)
HPRegen 0.08/turn               (no ring)
MPRegen 0.08/turn               (no ring)

@: no status effects
A: demonic magic 1
a: Renounce Religion, Berserk


You were on level 1 of the Dungeon.
You worshipped Trog.
Trog was aware of your devotion.
You visited 1 branch of the dungeon, and saw 1 of its levels.

You collected 10 gold pieces.

Inventory:

Hand Weapons
 a - a +0 falchion (weapon)
Armour
 b - a +0 animal skin (worn)
Potions
 c - a potion of degeneration {unknown}


   Skills:
 + Level 3.2 Fighting
 * Level 3.1 Long Blades
 - Level 1.7 Armour
 - Level 1.7 Dodging


You had one spell level left.
You didn't know any spells.
Your spell library was empty.

Dungeon Overview and Level Annotations

Branches:
Dungeon (1/15)

Altars:


Innate Abilities, Weirdness & Mutations

Spells you cast may paralyse adjacent enemies.


Message History

You have reached level 2!
Your demonic ancestry asserts itself...
A menacing aura infuses your magic.
You see here a hobgoblin corpse.
Found a book of Party Tricks.
You hit the rat.
You kill the rat!
Trog accepts your kill.
You see here a rat corpse.
You hit the dart slug.
The dart slug is heavily wounded.
The dart slug launches a dart at you. The slug dart hits you.
A ball python comes into view.
The ball python hisses angrily.
You hit the dart slug.
The dart slug is almost dead.
The dart slug launches a dart at you. The slug dart hits you.
You are too injured to fight recklessly!
You are too injured to fight recklessly!
You are too injured to fight recklessly!
You are too injured to fight recklessly!
You are too injured to fight recklessly!
You are too injured to fight recklessly!
You are too injured to fight recklessly!
You are too injured to fight recklessly!
You are too injured to fight recklessly!
You are too injured to fight recklessly!
You are too injured to fight recklessly!
You are too injured to fight recklessly!
You slash the dart slug!
You kill the dart slug!
Trog accepts your kill.
You slash the ball python!
You kill the ball python!
Trog accepts your kill.
You see here a dart slug corpse.
Found 3 large rocks.
Are you sure you want to abandon this character and quit the game? (Confirm with "yes".)

#.........#.##†..).#
##.......##.###.##.#
........###.# #.##.#
#.###...##
#.###.##.# #. ##+###
#........# ..#
..#######.#### ..
#......##.# #:##..#
#.##.# #.@..# #.##.#
#(##†####)##.# ..
#.†.†.....#
........####.####
#####.#### #.# # ..#
####


There were no monsters in sight!

Vanquished Creatures
  A dart slug (D:1)
  2 goblins (D:1)
  A hobgoblin (D:1)
  2 kobolds (D:1)
  A ball python (D:1)
  A bat (D:1)
  A frilled lizard (D:1)
  2 rats (D:1)
11 creatures vanquished.

Notes
Turn   | Place    | Note
-------+----------+-------------------------------------------
     0 | D:1      | Rennog the Demonspawn Berserker began the quest for the
                  | Orb.
     0 | D:1      | Reached XP level 1. HP: 18/18 MP: 1/1
   149 | D:1      | Gained mutation: Spells you cast may paralyse adjacent
                  | enemies. [demonic ancestry]
   149 | D:1      | Reached XP level 2. HP: 17/24 MP: 2/2
   159 | D:1      | Quit the game

Illustrated notes

Levels and vault maps discovered:
D:1:      saegor_arrival_miasma, layout_loops_corners, minmay_misc_feat_rows,
          minmay_tall_x

Skill      XL: |  1 |
---------------+----+-----
Long Blades    | 3 |  3.1
Fighting       | |  3.2
Armour         | |  1.7
Dodging        | |  1.7

Action                   || total
-------------------------++-------
Melee: Falchion          ||    27
Armor: Animal skin       ||    10
Dodge: Dodged            ||    18
       Rpst.: Falchion   ||     6

Table legend: (Time is in decaauts)
 A = Elapsed time spent in this place.
 B = Non-inter-level travel time spent in this place.
 C = Inter-level travel time spent in this place.
 D = Time resting spent in this place.
 E = Time spent auto-exploring this place.
 F = Levels seen in this place.
 G = Mean time per level.
                   A        B        C        D        E       F      G
               +--------+--------+--------+--------+--------+-----+--------+
         Total |    163 |    163 |      0 |      0 |     99 |   1 |  163.0 |
       Dungeon |    163 |    163 |      0 |      0 |     99 |   1 |  163.0 |
               +--------+--------+--------+--------+--------+-----+--------+

Top non-repeatable levels by time:
     D:1: 163 daAuts
